 Dungeon Crawl Stone Soup version bcrawl-1.21.3-2-g9d8a61a446 (webtiles) character file.

Game seed: 13896845718926952424

110 funkygono the Shield-Bearer (level 5, 0/42 HPs)
             Began as a Formicid Fighter on Apr 16, 2020.
             Succumbed to an orc wizard's poison
             ... on level 3 of the Dungeon.
             The game lasted 00:05:01 (2027 turns).

funkygono the Shield-Bearer (Formicid Fighter)      Turns: 2027, Time: 00:05:02

Health: 0/42       AC:  9    Str: 26    XL:     5   Next: 14%
Magic:  5/5        EV:  8    Int:  8    God:
Gold:   213        SH: 10    Dex: 10    Spells: 4/4 levels left

rFire    . . .     SeeInvis +   a - +1 quarterstaff
rCold    . . .     Gourm    .   c - +0 medium shield
rNeg     . . .     Faith    .   b - +0 scale mail
rPois    .         Spirit   .   (helmet unavailable)
rElec    .         Reflect  .   (no cloak)
rCorr    .         Harm     .   n - +0 pair of gloves
MR       .....                  q - +0 pair of boots
Stlth    ..........             (no amulet)
HPRegen  0.14/turn              (no ring)
MPRegen  0.09/turn              (no ring)

@: mighty, lethally poisoned (0 -> -4), invisible
A: permanent stasis, dig shafts and tunnels, four strong arms, antennae 3
a: Dig, Shaft Self


You were on level 3 of the Dungeon.
You were not hungry.

You visited 1 branch of the dungeon, and saw 3 of its levels.

You collected 213 gold pieces.

Inventory:

Hand Weapons
 a - a +1 quarterstaff (weapon)
Missiles
 f - 331 stones (quivered)
Armour
 b - a +0 scale mail (worn)
 c - a +0 medium shield (worn)
 n - a +0 pair of gloves (worn)
 q - a +0 pair of boots (worn)
Scrolls
 j - a scroll of amnesia
Potions
 i - a potion of berserk rage {unknown}
 k - a potion of magic
 l - 2 potions of cancellation
 m - a potion of haste {unknown}
 p - a potion of invisibility
Comestibles
 e - 5 rations {!d}
 g - 7 chunks of flesh


   Skills:
 + Level 3.9 Fighting
 + Level 3.1 Staves
 + Level 4.1 Armour
 + Level 4.4 Shields


You had 4 spell levels left.
You didn't know any spells.
Your spell library was empty.

Dungeon Overview and Level Annotations

Branches:
Dungeon (3/12)

Altars:


Innate Abilities, Weirdness & Mutations

You cannot be hasted, slowed, berserked, paralysed or teleported.
You can dig through walls and to a lower floor.
Your four strong arms can wield two-handed weapons with a shield.
You have a pair of large antennae on your head. (SInv)


Message History

The jackal is severely wounded.
You feel sick. The jackal bites you.
* * * LOW HITPOINT WARNING * * *
You block the jackal's attack. The worm bites you but does no damage.
You feel very mighty all of a sudden.
You feel sick. You block the jackal's attack. The jackal bites you.
* * * LOW HITPOINT WARNING * * *
The worm bites you!
* * * LOW HITPOINT WARNING * * *
You bludgeon the jackal!!
You kill the jackal!
You sock the worm!
The worm is moderately wounded.
* * * LOW HITPOINT WARNING * * *
You feel sick. The worm bites you.
* * * LOW HITPOINT WARNING * * *
It was a potion of magic.
Magic courses through your body.
It was a potion of invisibility.
You fade into invisibility!
You die...

.%........##.{#
......<.......#
...............
...............
..$.......#
..<.......#
#.......#.#
#.......#.# ..
.......>#@# >..
........#w# ....
........#.# #..
........#^. ...
........#### #.#
#.........####.#
##.......#.รท...#
#######...#####
##### #..## ..


You could see a worm.

Vanquished Creatures
  An orc wizard (D:3)
  An adder (D:3)
  An ooze (D:2)
  4 worms
  2 leopard geckos (D:1)
  2 bats (D:1)
  6 giant cockroaches
  6 goblins
  6 hobgoblins
  5 jackals (D:3)
  9 kobolds
  A ball python (D:1)
  5 frilled lizards
  5 rats
54 creatures vanquished.

Notes
Turn   | Place    | Note
-------+----------+-------------------------------------------
     0 | D:1      | funkygono the Formicid Fighter began the quest for the Orb.
     0 | D:1      | Reached XP level 1. HP: 18/18 MP: 1/1
   174 | D:1      | Reached XP level 2. HP: 23/24 MP: 2/2
   474 | D:1      | Reached XP level 3. HP: 29/29 MP: 3/3
  1574 | D:2      | Reached XP level 4. HP: 37/37 MP: 4/4
  2011 | D:3      | Reached XP level 5. HP: 31/42 MP: 5/5
  2025 | D:3      | HP: 2/42 [poisoned by an orc wizard]
  2027 | D:3      | Succumbed to an orc wizard's poison

Skill      XL: |  1  2  3  4 |
---------------+-------------+-----
Shields        | 4 |  4.4
Armour         | 4 |  4.1
Staves         | 3 |  3.1
Fighting       | |  3.9

Action                   |  1- 3 |  4- 6 || total
-------------------------+-------+-------++-------
Melee: Quarterstaff      |   123 |    76 ||   199
  Use: Scroll            |     5 |     2 ||     7
       Potion            |       |     3 ||     3
  Eat: Chunk             |     2 |     2 ||     4
Armor: Scale mail        |    60 |    24 ||    84
Dodge: Dodged            |    44 |    21 ||    65
Block: Medium shield     |    69 |    34 ||   103
